 Dungeon Crawl Stone Soup version 0.29-a0-393-g47a863cc1b (webtiles) character file.

Game seed: 12443660548997394191

1511 Hubjo the Magician (level 8, 0/48 HPs)
             Began as a Deep Elf Fire Elementalist on May 9, 2022.
             Was a Follower of Ashenzari.
             Slain by a hornet (14 damage)
             ... while paralysed by a hornet
             ... on level 7 of the Dungeon.
             The game lasted 00:14:58 (10120 turns).

Hubjo the Magician (Deep Elf Fire Elementalist)    Turns: 10120, Time: 00:14:58

Health: 0/48       AC:  2    Str:  5    XL:     8   Next: 53%
Magic:  10/19      EV:  2    Int: 27    God:    Ashenzari [*.....]
Gold:   416        SH:  0    Dex: 17    Spells: 14/20 levels left

rFire   + . .      SeeInvis +   x - +2 dagger (venom)
rCold   + . .      Faith    .   (no shield)
rNeg    . . .      Spirit   .   a - +0 robe
rPois   .          Reflect  .   (no helmet)
rElec   .          Harm     .   f - scarf of the Unyielding Gaze {rC+ rF+, Fort, Range} (curse)
rCorr   .          Rampage  .   (no gloves)
Will    .....                   (no boots)
Stlth   +++.......              y - amulet "Thunder Perfect Mind" {Acrobat, Elem, Range} (curse)
HPRegen 0.16/turn               k - +6 ring of intelligence
MPRegen 0.16/turn               j - ring of see invisible

@: paralysed, lethally poisoned (0 -> -12), about to teleport, very slightly
contaminated, slowed
A: no striking features
a: Renounce Religion, Shatter the Chains


You were on level 7 of the Dungeon.
You worshipped Ashenzari.
Ashenzari was aware of your devotion.
You visited 2 branches of the dungeon, and saw 8 of its levels.

You collected 416 gold pieces.

Inventory:

Hand Weapons
 m - a +0 vampiric hand axe
 t - a +0 dagger
 x - a +2 dagger of venom (weapon)
Armour
 a - a +0 robe (worn)
 f - the cursed scarf of the Unyielding Gaze (worn) {rC+ rF+, Fort, Range}
   (You found it on level 1 of the Dungeon)

   It has a curse which improves the following skills: Fortitude: Armour and
   Shields.
   Ranged Combat: Slings, Bows, Crossbows and Throwing.
 q - a +0 pair of boots
 r - a scarf of resistance
 A - a +1 plate armour of poison resistance
Jewellery
 j - a ring of see invisible (right hand)
 k - a +6 ring of intelligence (left hand)
 y - the cursed amulet "Thunder Perfect Mind" (around neck) {Acrobat, Elem, Range}
   (You found it on level 5 of the Dungeon)

   [amulet of the acrobat]

   It increases your evasion while moving and waiting.
   It has a curse which improves the following skills: Elements: Fire Magic, Ice
   Magic, Air Magic and Earth Magic.
   Ranged Combat: Slings, Bows, Crossbows and Throwing.
 B - a ring of poison resistance
 C - an amulet of guardian spirit
Scrolls
 e - 2 scrolls of magic mapping
 h - a scroll of vulnerability
 n - 3 scrolls of noise
 p - 2 scrolls of amnesia
 s - a scroll of teleportation
 v - a scroll of poison
 w - 2 scrolls of identify
Potions
 b - a potion of magic
 c - a potion of might
 g - 2 potions of haste
 i - a potion of curing
 l - a potion of resistance
 o - a potion of attraction
 u - a potion of lignification
 z - a potion of flight


   Skills:
 + Level 4.0 Fighting
 - Level 2.4 Dodging
 + Level 6.2 Stealth
 + Level 6.5 Spellcasting
 - Level 1.1 Conjurations
 - Level 4.8(5.6) Fire Magic
 * Level 5.2(6.1) Ice Magic
 + Level 3.3(4.1) Air Magic


You had 14 spell levels left.
You knew the following spells:

 Your Spells              Type           Power      Damage    Failure   Level
a - Foxfire               Conj/Fire      100%       2x1d9     1%          1
b - Freezing Cloud        Conj/Ice/Air   14%        6-21      36%         5

Your spell library contained the following spells:

 Spells                   Type           Power      Damage    Failure   Level
 Scorch                   Fire           78%        2d8       1%          2
 Ozocubu's Armour         Ice            41%        N/A       1%          3
 Conjure Flame            Conj/Fire      27%        6-21      4%          3
 Summon Small Mammal      Summ           32%        N/A       6%          1
 Inner Flame              Hex/Fire       24%        N/A       6%          3
 Flame Wave               Conj/Fire      27%        2d7       16%         4
 Call Canine Familiar     Summ           8%         N/A       19%         3
 Summon Guardian Golem    Hex/Summ       8%         N/A       19%         3
 Tukima's Dance           Hex            8%         N/A       19%         3
 Passage of Golubria      Tloc           8%         N/A       52%         4
 Yara's Violent Unravell  Hex/Tmut       4%         3d4       86%         5
 Simulacrum               Ice/Necr       12%        N/A       95%         6
 Ozocubu's Refrigeration  Ice            20%        4d9       99%         7
 Polar Vortex             Ice            20%        N/A       100%        9


Dungeon Overview and Level Annotations

Branches:
Dungeon (7/15)             Temple (1/1) D:5

Altars:
Ashenzari
Cheibriados
Dithmenos
Elyvilon
Fedhas
Gozag
Hepliaklqana
Kikubaaqudgha
Makhleb
Nemelex Xobeh
Okawaru
Qazlal
Ru
Sif Muna
Trog
Uskayaw
Wu Jian
Xom
Zin
The Shining One

Annotations:
D:7 2 runed translucent doors


Message History

You are poisoned.
You feel yourself slow down. The hornet completely misses you.
Casting: Foxfire (safe; 1% risk of failure)
Confirm with . or Enter, or press ? or * to list all spells.
The spell is extremely dangerous to miscast (36% risk of failure)!
Continue anyway? [Y]es or [N]o only, please.
The spell is extremely dangerous to miscast (36% risk of failure)!
Continue anyway?
Aiming: Freezing Cloud (extremely dangerous; 36% risk of failure)
Press: ? - help, Dir - move target, f - hornet
Aim: a hornet (heavily wounded) That beam is likely to hit you.
Continue anyway?
Okay, then.
Casting: Freezing Cloud (extremely dangerous; 36% risk of failure)
Confirm with . or Enter, or press ? or * to list all spells.
The spell is extremely dangerous to miscast (36% risk of failure)!
Continue anyway?
Aiming: Freezing Cloud (extremely dangerous; 36% risk of failure)
Press: ? - help, Dir - move target, p - hornet You miscast Freezing Cloud.
You are very lightly contaminated with residual magic.
Sparks fly from your hands!
You feel yourself speed up.
You feel very sick.
The hornet stings you but does no damage.
The hornet stings you.
* * * LOW HITPOINT WARNING * * *
You feel yourself slow down.
You feel much better.
You feel sick. The hornet closely misses you. The hornet stings you.
You feel as though you will be slow longer.
As you read the scroll of teleportation, it crumbles to dust.
You feel strangely unstable.
You feel sick. The hornet stings you.
You feel as though you will be slow longer.
The hornet stings you!
You are more poisoned.
You suddenly lose the ability to move!
The hornet stings you.
You feel as though you will be slow longer.
* * * LOW HITPOINT WARNING * * *
You feel very sick. The hornet stings you!
You die...

. #....#.#...#
..#####.####.#.#.######
.....vy................
......v................
..##########.##..#####
#....#..########..
##......#.........
####...#y...#######.
###### #........@..##
.....# #............#
.....#
#............#####
.....#
#.##########.#...#
.....###.# #.#...#
......##.### #.'...#
......##...# #.#...#
#.....''...# #.#...#
### #.....##...#
#.#...## ..#


You could see a hornet.

Vanquished Creatures
  2 water moccasins (D:7)
  2 sky beasts (D:6)
  3 black bears
  An ogre (D:5)
  A phantom (D:6)
  A scorpion (D:6)
  3 bullfrogs
  2 howler monkeys (D:6)
  A hound (D:4)
  2 jellies
  An iguana (D:6)
  3 orc wizards
  4 adders
  A shadow imp (D:6)
  3 white imps (D:6)
  2 worms
  3 dart slugs
  10 orcs
  7 ball pythons
  6 endoplasms
  2 giant cockroaches
  5 goblins
  4 hobgoblins
  4 jackals (D:4)
  4 quokkas
  4 bats
  2 frilled lizards
  8 kobolds
  2 rats (D:2)
93 creatures vanquished.

Vanquished Creatures (others)
  3 demonic plants (D:2)
  570 foxfires
  6 fungi (D:2)
  5 plants (D:2)
  3 withered plants (D:2)
587 creatures vanquished.

Grand Total: 680 creatures vanquished

Notes
Turn   | Place    | Note
-------+----------+-------------------------------------------
     0 | D:1      | Hubjo the Deep Elf Fire Elementalist began the quest for
                  | the Orb.
     0 | D:1      | Reached XP level 1. HP: 10/10 MP: 6/6
   383 | D:1      | Reached XP level 2. HP: 16/16 MP: 1/8
  1147 | D:1      | Reached skill level 1 in Fighting
  2095 | D:2      | Reached XP level 3. HP: 20/20 MP: 0/9
  2702 | D:2      | Found a faded altar of an unknown god.
  2722 | D:2      | Found a sacrificial altar of Ru.
  4021 | D:4      | Reached XP level 4. HP: 24/26 MP: 5/11
  4123 | D:4      | Noticed a black bear
  4132 | D:4      | Killed a black bear
  4133 | D:4      | Reached XP level 5. HP: 31/31 MP: 3/13
  5453 | D:5      | Entered Level 5 of the Dungeon
  5557 | D:5      | Noticed an ogre
  5562 | D:5      | Killed an ogre
  5563 | D:5      | Reached XP level 6. HP: 36/36 MP: 8/15
  5569 | D:5      | Learned a level 5 spell: Freezing Cloud
  6327 | D:5      | Found a staircase to the Ecumenical Temple.
  6486 | Temple   | Entered the Ecumenical Temple
  6733 | Temple   | Became a worshipper of Ashenzari the Shackled
  6950 | D:6      | Reached skill level 5 in Spellcasting
  6950 | D:6      | Reached skill level 1 in Ice Magic
  6952 | D:6      | Reached skill level 1 in Air Magic
  7415 | D:6      | Noticed a sky beast
  7421 | D:6      | Killed a sky beast
  7422 | D:6      | Reached XP level 7. HP: 41/41 MP: 10/17
  7484 | D:6      | Found a snail-covered altar of Cheibriados.
  7856 | D:6      | Reached skill level 5 in Stealth
  8237 | D:6      | Found a blossoming altar of Fedhas.
  8794 | D:6      | Reached XP level 8. HP: 47/47 MP: 11/19
  9510 | D:7      | Reached skill level 5 in Ice Magic
  9944 | D:7      | Found a large runed translucent door.
  9944 | D:7      | Found a large runed translucent door.
  9985 | D:7      | Reached * piety under Ashenzari
 10028 | D:7      | Noticed a hornet
 10049 | D:7      | Paralysed by a hornet for 2 turns
 10056 | D:7      | Paralysed by a hornet for 1 turns
 10119 | D:7      | Paralysed by a hornet for 3 turns
 10120 | D:7      | Slain by a hornet

Illustrated notes

Levels and vault maps discovered:
D:1:      psy_arrival_whirlpool, layout_basic, minmay_3d_cube
D:2:      layout_loops_corners, basic_altar, shapermc_ecumenical_altar_gd
D:3:      layout_basic
D:4:      layout_basic, serial_park_tiny_2
D:5:      layout_loops_ring, minmay_temple_entry_fiery
D:6:      layout_basic, hangedman_feature_mirror, st_stairs_10
D:7:      layout_basic, jmf_multi_god_temple2, ebering_ghost_disaster_area,
          uniq_duvessa
Temple:   mainiacjoe_temple_cubbyholes

Skill      XL: |  1  2  3  4  5  6  7  8 |
---------------+-------------------------+-----
Fighting       | 1 2 3 4 |  4.0
Stealth        | 3 4 5 6 |  6.2
Spellcasting   | 4 5 6 |  6.5
Fire Magic     | 4 |  4.8
Ice Magic      | 2 4 5 |  5.2
Air Magic      | 1 2 3 |  3.3
Dodging        | |  2.4
Conjurations   | |  1.1

Action                   |  1- 3 |  4- 6 |  7- 9 || total
-------------------------+-------+-------+-------++-------
Melee: Unarmed           |     6 |       |       ||     6
       Punch             |     1 |       |       ||     1
       Dagger            |       |    14 |    11 ||    25
 Cast: Foxfire           |   140 |   114 |   106 ||   360
Invok: Curse Item        |       |       |     2 ||     2
  Use: Scroll            |     4 |     3 |     4 ||    11
       Potion            |       |       |     6 ||     6
Armor: Robe              |     6 |     3 |     4 ||    13
Dodge: Dodged            |    17 |    17 |    54 ||    88

Table legend: (Time is in decaauts)
 A = Elapsed time spent in this place.
 B = Non-inter-level travel time spent in this place.
 C = Inter-level travel time spent in this place.
 D = Time resting spent in this place.
 E = Time spent auto-exploring this place.
 F = Levels seen in this place.
 G = Mean time per level.
                   A        B        C        D        E       F      G
               +--------+--------+--------+--------+--------+-----+--------+
         Total |  10125 |   9755 |    370 |    817 |   7705 |   8 | 1265.6 |
       Dungeon |   9772 |   9402 |    370 |    817 |   7420 |   7 | 1396.0 |
        Temple |    353 |    353 |      0 |      0 |    285 |   1 |  353.0 |
               +--------+--------+--------+--------+--------+-----+--------+

Top non-repeatable levels by time:
     D:6: 2070 daAuts
     D:1: 1680 daAuts
     D:2: 1531 daAuts
     D:4: 1526 daAuts
     D:5: 1456 daAuts
     D:7: 793 daAuts
     D:3: 712 daAuts
  Temple: 353 daAuts
